 Dungeon Crawl Stone Soup version 0.21.1-1-g345015fe64 (webtiles) character file.

406 Gargoyl the Skirmisher (level 6, -1/78 HPs)
             Began as a Centaur Abyssal Knight on May 30, 2018.
             Was a Believer of Lugonu.
             Slain by a phantom (5 damage)
             ... on level 3 of the Dungeon.
             The game lasted 00:06:42 (3528 turns).

Gargoyl the Skirmisher (Centaur Abyssal Knight)     Turns: 3528, Time: 00:06:43

Health: -1/78      AC: 23    Str: 15    XL:     6   Next: 56%
Magic:  4/8        EV:  1    Int: 11    God:    Lugonu [**....]
Gold:   180        SH:  0    Dex: 10    Spells: 5/5 levels left

rFire    . . .     SeeInvis .   a - +1 hand axe
rCold    . . .     Gourm    .   (no shield)
rNeg     + + +     Faith    .   (armour currently unavailable)
rPois    +         Spirit   .   (helmet currently unavailable)
rElec    .         Reflect  .   (cloak currently unavailable)
rCorr    .         Harm     .   (gloves currently unavailable)
MR       .....     NoTele   +   (no barding)
Stlth    +.........             (no amulet)
HPRegen  0.23/turn              (no ring)
MPRegen  0.11/turn              (no ring)

@: lethally poisoned (-1 -> -7), tree-form (expiring)
A: large, blurry vision 1
a: Depart the Abyss, Bend Space, Renounce Religion


You were on level 3 of the Dungeon.
You worshipped Lugonu.
Lugonu was pleased with you.
You were very hungry.
You were a tree.
You visited 1 branch of the dungeon, and saw 4 of its levels.
You visited the Abyss 1 time.

You collected 180 gold pieces.

Inventory:

Hand Weapons
 a - a +1 hand axe (weapon)
Missiles
 f - 7 tomahawks (quivered)
Armour
 i - a +2 chain mail of cold resistance (melded)
 k - a +0 cloak (melded)
Wands
 h - a wand of polymorph (7)
Scrolls
 b - a scroll of enchant armour {unknown}
 e - 2 scrolls of identify
 l - a scroll of amnesia {unknown}
Comestibles
 c - 5 rations


   Skills:
 + Level 4.1 Fighting
 + Level 3.3 Axes
 * Level 3.4 Armour
 + Level 1.0 Dodging
 * Level 3.5 Invocations


You had 5 spell levels left.
You didn't know any spells.

Dungeon Overview and Level Annotations

Branches:
Dungeon (4/15)
 Temple: D:4-7

Altars:
Ru
Trog


Innate Abilities, Weirdness & Mutations

((You have hooves in place of feet.))
((Armour fits poorly on your strangely shaped body.))
((You cover ground very quickly.))
((You have extremely tough skin. (AC +3)))
Scrolls take you a little longer to read.


Message History

You cannot move.
You cannot move.
Space bends around you!
You blink.
You feel sick.
You feel sick.
The phantom blinks!
Space bends around you!
You blink.
You feel sick.
You feel sick. Space bends around you!
You blink.
You feel sick.
You feel sick. Space bends around you!
You blink.
* * * LOW HITPOINT WARNING * * *
You feel sick. The gnoll hits you but does no damage. Space bends around you!
You blink.
* * * LOW HITPOINT WARNING * * *
You feel sick. The phantom completely misses you.
The gnoll hits you but does no damage.
Unknown command.
You closely miss the gnoll. You hit the phantom but do no damage.
* * * LOW HITPOINT WARNING * * *
You feel sick. The phantom hits you.
You die...

#.>.....# #.# #.#.#####
#.# #.#.# #.# #.#.#
######§# #.#.# #.§.g..#
#.#.# #w###### #.#.# #.#
#.#.# #g# #.#.# #♣#
#.#.# #W# #.#.# #l#
#####.#.# #(# ....#.#.#
#.# ###.#.#.# ##.#######
........#######..<.....#
......####lgW....#####.#
###.#### #.####.## #.#


You could see a phantom, a worm, a gnoll and a frilled lizard.

Vanquished Creatures
  Sigmund (D:2)
  Crazy Yiuf (D:2)
  2 orc priests (D:3)
  5 adders
  5 gnolls (D:3)
  3 worms
  4 dart slugs
  3 orcs (D:3)
  6 bats
  4 giant cockroaches
  8 goblins
  3 hobgoblins
  2 jackals (D:1)
  3 quokkas
  A ball python (D:3)
  A frilled lizard (D:1)
  4 kobolds
  6 rats
62 creatures vanquished.

Vanquished Creatures (others)
  A wizard (D:3)
1 creature vanquished.

Grand Total: 63 creatures vanquished

Notes
Turn   | Place    | Note
-------+----------+-------------------------------------------
     0 | Abyss:1  | Gargoyl the Centaur Abyssal Knight began the quest for the Orb.
     0 | Abyss:1  | Reached XP level 1. HP: 19/19 MP: 2/2
    47 | Abyss:2  | Noticed a neqoxec
    48 | Abyss:2  | Gained mutation: Scrolls take you a little longer to read. [a neqoxec]
    49 | D:1      | Escaped the Abyss
   228 | D:1      | Reached * piety under Lugonu
   236 | D:1      | Reached XP level 2. HP: 21/26 MP: 3/3
   723 | D:2      | Noticed Sigmund
   949 | D:2      | Killed Sigmund
   949 | D:2      | Reached XP level 3. HP: 8/33 MP: 0/5
   949 | D:2      | Reached XP level 4. HP: 10/40 MP: 0/6
   949 | D:2      | Reached XP level 5. HP: 11/46 MP: 0/7
  1714 | D:2      | Found a runed door.
  1853 | D:2      | Found a sacrificial altar of Ru.
  2029 | D:2      | Noticed Crazy Yiuf
  2047 | D:2      | Killed Crazy Yiuf
  2047 | D:2      | Reached skill level 4 in Fighting
  2459 | D:3      | Reached XP level 6. HP: 45/52 MP: 8/8
  2470 | D:3      | Reached skill level 1 in Dodging
  2652 | D:3      | Found a bloodstained altar of Trog.
  2653 | D:3      | Noticed a wizard
  2659 | D:3      | Killed a wizard
  2768 | D:3      | Reached ** piety under Lugonu
  2778 | D:3      | Found a faded altar of an unknown god.
  3528 | D:3      | Slain by a phantom

Skill      XL: |  1  2  3  4  5  6 |
---------------+-------------------+-----
Axes           | 2 3 |  3.3
Armour         | 2 3 |  3.4
Invocations    | 3 |  3.5
Fighting       | 4 |  4.1
Dodging        | 1 |  1.0

Action                   |  1- 3 |  4- 6 || total
-------------------------+-------+-------++-------
Melee: Hand axe          |    66 |   163 ||   229
       Kick              |     8 |    37 ||    45
Invok: Depart the Abyss  |     1 |       ||     1
       Bend Space        |       |     6 ||     6
  Use: Scroll            |     2 |     3 ||     5
       Potion            |       |     2 ||     2
  Eat: Ration            |       |     1 ||     1
       Chunk             |       |     2 ||     2
Armor: Chain mail        |    86 |   158 ||   244
       Skin              |       |    17 ||    17
Dodge: Dodged            |    18 |    51 ||    69
